| TOP OF THE 1ST |
|
California Angels batting - Pitching for Kansas City Royals : RHP Larry Christenson
|
|
Pitching: RHP Larry Christenson
|
|
|
Batting: RHB Frank White
|
0-0: Called Strike 0-1: Ball 1-1: Swinging Strike 1-2: Strikes out swinging
|
|
Batting: RHB Carlos Pimentel
|
0-0: Ball 1-0: Called Strike 1-1: Ball 2-1: Ground out 6-3 (Groundball, 6, EV 84.4 MPH)
|
|
Batting: LHB Jason D Thompson
|
0-0: Called Strike 0-1: Ball 1-1: Foul Ball, location: 2F 1-2: Foul Ball, location: 2F 1-2: Strikes out swinging
|
| Top of the 1st over - 0 runs, 0 hits, 0 errors, 0 left on base; California 0 - Kansas City 0 |
| BOTTOM OF THE 1ST |
|
Kansas City Royals batting - Pitching for California Angels : RHP Raimundo Michel
|
|
Pitching: RHP Raimundo Michel
|
|
|
Batting: RHB Rickey Henderson
|
0-0: Ball 1-0: Swinging Strike 1-1: Bunt for hit to P - play at first, batter OUT! 1-3
|
|
Batting: LHB Gene Richards
|
0-0: Hit by Pitch
|
|
Batting: RHB Bob Horner
|
0-0: Ball 1-0: Ball 2-0: Ground out 6-3 (Groundball, 56D, EV 108.8 MPH) Gene Richards to second
|
|
Batting: RHB Gary Carter
|
0-0: Ball 1-0: Swinging Strike 1-1: Foul Ball, location: 2F 1-2: Fly out, F6 (Popup, 6M, EV 53.1 MPH)
|
| Bottom of the 1st over - 0 runs, 0 hits, 0 errors, 1 left on base; California 0 - Kansas City 0 |
| TOP OF THE 2ND |
|
California Angels batting - Pitching for Kansas City Royals : RHP Larry Christenson
|
|
Batting: LHB Brian Rosinski
|
0-0: Ball 1-0: Called Strike 1-1: Ball 2-1: SOLO HOME RUN (Flyball, 9D, EV 93.8 MPH), Distance : 423 ft
|
|
Batting: LHB Ralph Garr
|
0-0: Ball 1-0: Foul Ball, location: 2F 1-1: Swinging Strike 1-2: Ball 2-2: SINGLE (Line Drive, 6D, EV 98.8 MPH)
|
|
Batting: RHB Jeff Atherton
|
0-0: Foul Ball, location: 2F 0-1: Ball 1-1: Ball 2-1: Ball 3-1: Base on Balls Ralph Garr to second
|
|
Batting: SHB Manny Castillo
|
0-0: Foul Ball, location: 2F 0-1: Ball 1-1: Called Strike 1-2: Fielders Choice at 2nd, 5-4 (Groundball, 5, EV 88.1 MPH) Ralph Garr to third
|
|
Batting: SHB Ignacio Medina
|
0-0: Ball 1-0: SINGLE (Line Drive, 89S, EV 102.5 MPH) Ralph Garr scores Manny Castillo to second
|
|
Batting: RHB Mike Bishop
|
0-0: Ball 1-0: SINGLE (Groundball, 5D, EV 100.0 MPH) Manny Castillo to third Ignacio Medina to second Runner from 3rd tries for Home, SAFE, throw by LF to home
|
|
Batting: RHB Frank White
|
0-0: Ball 1-0: Swinging Strike 1-1: Fielders Choice at 2nd, 4-6 (Groundball, 34, EV 84.4 MPH) Ignacio Medina to third
|
|
Batting: RHB Carlos Pimentel
|
0-0: Ball 1-0: Foul Ball, location: 2F 1-1: Foul Ball, location: 2F 1-2: Strikes out swinging
|
| Top of the 2nd over - 3 runs, 4 hits, 0 errors, 2 left on base; California 3 - Kansas City 0 |
| BOTTOM OF THE 2ND |
|
Kansas City Royals batting - Pitching for California Angels : RHP Raimundo Michel
|
|
Batting: RHB Lloyd McClendon
|
0-0: Called Strike 0-1: Ground out 4-3 (Groundball, 4, EV 109.4 MPH)
|
|
Batting: RHB Jeffrey Leonard
|
0-0: Ball 1-0: Swinging Strike 1-1: Reached on error, E5 (Groundball, 56, EV 79.4 MPH)
|
|
Batting: LHB Rick Manning
|
0-0: Ball 1-0: Called Strike 1-1: Ball 2-1: Ball 3-1: Swinging Strike 3-2: Base on Balls Jeffrey Leonard to second
|
|
Batting: LHB Alvin Davis
|
0-0: Called Strike 0-1: Swinging Strike 0-2: Foul Ball, location: 2F 0-2: Ball 1-2: Ball 2-2: Ball 3-2: Base on Balls Jeffrey Leonard to third Rick Manning to second
|
|
Batting: LHB Brad Mills
|
0-0: Called Strike 0-1: Grounds into double play, 5-4-3 (Groundball, 56S, EV 78.1 MPH)
|
| Bottom of the 2nd over - 0 runs, 0 hits, 1 error, 2 left on base; California 3 - Kansas City 0 |
| TOP OF THE 3RD |
|
California Angels batting - Pitching for Kansas City Royals : RHP Larry Christenson
|
|
Batting: LHB Jason D Thompson
|
0-0: Ball 1-0: Ball 2-0: SINGLE (Line Drive, 89M, EV 105.6 MPH)
|
|
Batting: LHB Brian Rosinski
|
0-0: Foul Ball, location: 2F 0-1: Ball 1-1: Swinging Strike 1-2: Ball 2-2: Strikes out swinging
|
|
Batting: LHB Ralph Garr
|
0-0: Ball 1-0: Ball 2-0: Swinging Strike 2-1: Ball 3-1: Fly out, F8 (Flyball, 8RS, EV 89.4 MPH)
|
|
Batting: RHB Jeff Atherton
|
0-0: Ball 1-0: Ball 2-0: Fly out, F2 (Popup, 23F, EV 80.0 MPH)
|
| Top of the 3rd over - 0 runs, 1 hit, 0 errors, 1 left on base; California 3 - Kansas City 0 |
| BOTTOM OF THE 3RD |
|
Kansas City Royals batting - Pitching for California Angels : RHP Raimundo Michel
|
|
Batting: RHB Rickey Henderson
|
0-0: Swinging Strike 0-1: Ball 1-1: Ground out 6-3 (Groundball, 56D, EV 83.1 MPH)
|
|
Batting: LHB Gene Richards
|
0-0: SINGLE (Groundball, 4MD, EV 94.4 MPH)
|
|
Batting: RHB Bob Horner
|
0-0: Fly out, F8 (Line Drive, 8LD, EV 105.0 MPH)
|
|
Batting: RHB Gary Carter
|
0-0: Ball 1-0: Called Strike 1-1: Ball 2-1: Called Strike 2-2: Strikes out looking
|
| Bottom of the 3rd over - 0 runs, 1 hit, 0 errors, 1 left on base; California 3 - Kansas City 0 |
| TOP OF THE 4TH |
|
California Angels batting - Pitching for Kansas City Royals : RHP Larry Christenson
|
|
Batting: SHB Manny Castillo
|
0-0: Ball 1-0: Ball 2-0: Ball 3-0: Called Strike 3-1: Swinging Strike 3-2: Base on Balls
|
|
Batting: SHB Ignacio Medina
|
0-0: Called Strike 0-1: Ball 1-1: Ball 2-1: Called Strike 2-2: Ball 3-2: SINGLE (Groundball, 6MD, EV 106.9 MPH) Manny Castillo to second Manny Castillo to third
|
|
Batting: RHB Mike Bishop
|
0-0: Called Strike 0-1: Ball 1-1: Ball 2-1: Ball 3-1: Hit by Pitch Ignacio Medina to second
|
|
Batting: RHB Frank White
|
0-0: Fielders Choice at 3rd, U5 (Groundball, 5L, EV 80.0 MPH) Manny Castillo scores Mike Bishop to second
|
|
Batting: RHB Carlos Pimentel
|
0-0: SINGLE (Groundball, 56D, EV 96.3 MPH) (infield hit) Mike Bishop to third Frank White to second
|
|
Batting: LHB Jason D Thompson
|
0-0: Ball 1-0: Ball 2-0: Called Strike 2-1: Ball 3-1: SINGLE (Line Drive, 4MD, EV 109.4 MPH) Mike Bishop scores Frank White to third Carlos Pimentel to second Runner from 3rd tries for Home, SAFE, throw by CF to home
|
|
Pitching: RHP Bill Castro
|
|
|
Batting: LHB Brian Rosinski
|
0-0: Ball 1-0: Foul Ball, location: 2F 1-1: Ball 2-1: Foul Ball, location: 2F 2-2: Foul Ball, location: 2F 2-2: DOUBLE (Line Drive, 78M, EV 93.1 MPH) Carlos Pimentel scores Jason D Thompson to third Runner from 3rd tries for Home, SAFE, no throw by LF
|
|
Batting: LHB Ralph Garr
|
0-0: Ground out 5-3 (Groundball, 5, EV 83.8 MPH)
|
|
Batting: RHB Jeff Atherton
|
0-0: Ball 1-0: Ball 2-0: Foul Ball, location: 2F 2-1: Swinging Strike 2-2: Strikes out swinging
|
| Top of the 4th over - 5 runs, 4 hits, 0 errors, 1 left on base; California 8 - Kansas City 0 |
| BOTTOM OF THE 4TH |
|
Kansas City Royals batting - Pitching for California Angels : RHP Raimundo Michel
|
|
Batting: RHB Lloyd McClendon
|
0-0: Ball 1-0: Foul Ball, location: 2F 1-1: Fly out, F9 (Flyball, 89M, EV 76.3 MPH)
|
|
Batting: RHB Jeffrey Leonard
|
0-0: Ball 1-0: Called Strike 1-1: Ball 2-1: Foul Ball, location: 2F 2-2: Ball 3-2: Foul Ball, location: 2F 3-2: Foul Ball, location: 2F 3-2: Fly out, F9 (Flyball, 9, EV 85.0 MPH)
|
|
Batting: LHB Rick Manning
|
0-0: Ground out 3-1 (Groundball, 13, EV 81.9 MPH)
|
| Bottom of the 4th over - 0 runs, 0 hits, 0 errors, 0 left on base; California 8 - Kansas City 0 |
| TOP OF THE 5TH |
|
California Angels batting - Pitching for Kansas City Royals : RHP Bill Castro
|
|
Batting: SHB Manny Castillo
|
0-0: Ball 1-0: Swinging Strike 1-1: Ball 2-1: Ground out 5-3 (Groundball, 5, EV 86.3 MPH)
|
|
Batting: SHB Ignacio Medina
|
0-0: SINGLE (Line Drive, 7S, EV 103.1 MPH)
|
|
Batting: RHB Mike Bishop
|
0-0: Foul Ball, location: 2F 0-1: Ball 1-1: Foul Ball, location: 2F 1-2: Ball 2-2: Ball 3-2: Foul Ball, location: 2F 3-2: Grounds into double play, 6-4-3 (Groundball, 6, EV 78.1 MPH)
|
| Top of the 5th over - 0 runs, 1 hit, 0 errors, 0 left on base; California 8 - Kansas City 0 |
| BOTTOM OF THE 5TH |
|
Kansas City Royals batting - Pitching for California Angels : RHP Raimundo Michel
|
|
Pitching: LHP Bob McClure
|
|
|
Batting: LHB Alvin Davis
|
0-0: Foul Ball, location: 2F 0-1: Foul Ball, location: 2F 0-2: Ball 1-2: Ball 2-2: Ball 3-2: Foul Ball, location: 2F 3-2: Base on Balls
|
|
Batting: LHB Brad Mills
|
0-0: Ground out 6-3 (Groundball, 6, EV 93.8 MPH) Alvin Davis to second
|
|
Batting: RHB Rickey Henderson
|
0-0: Ball 1-0: DOUBLE (Line Drive, 9LS, EV 88.8 MPH) Alvin Davis scores
|
|
Batting: LHB Gene Richards
|
0-0: Called Strike 0-1: Ball 1-1: Ball 2-1: SINGLE (Line Drive, 3D, EV 103.1 MPH) Rickey Henderson to third Runner from 3rd tries for Home, SAFE, throw by RF to home Gene Richards to second
|
|
Batting: RHB Bob Horner
|
0-0: Ball 1-0: Foul Ball, location: 2F 1-1: Ball 2-1: Foul Ball, location: 2F 2-2: Ball 3-2: Base on Balls
|
|
Batting: RHB Gary Carter
|
0-0: Called Strike 0-1: Foul Ball, location: 2F 0-2: Ball 1-2: Foul Ball, location: 2F 1-2: Foul Ball, location: 2F 1-2: DOUBLE (Flyball, 89XD, EV 90.0 MPH) Gene Richards scores Bob Horner to third
|
|
Batting: RHB Lloyd McClendon
|
0-0: Foul Ball, location: 2F 0-1: Foul Ball, location: 2F 0-2: Foul Ball, location: 2F 0-2: Strikes out swinging
|
|
Pitching: RHP LaMarr Hoyt
|
|
|
Batting: RHB Jeffrey Leonard
|
0-0: Fly out, F7 (Flyball, 78D, EV 101.9 MPH)
|
| Bottom of the 5th over - 3 runs, 3 hits, 0 errors, 2 left on base; California 8 - Kansas City 3 |
| TOP OF THE 6TH |
|
California Angels batting - Pitching for Kansas City Royals : RHP Bill Castro
|
|
Pinch Hitting: RHB Duke Hinds
|
0-0: Ball 1-0: Ball 2-0: Foul Ball, location: 2F 2-1: Swinging Strike 2-2: Ball 3-2: Fly out, F8 (Line Drive, 8LD, EV 90.6 MPH)
|
|
Pinch Hitting: LHB John Milner
|
0-0: Ball 1-0: Fly out, F8 (Line Drive, 8LM, EV 88.8 MPH)
|
|
Batting: LHB Jason D Thompson
|
0-0: Foul Ball, location: 2F 0-1: Ball 1-1: Ball 2-1: Foul Ball, location: 2F 2-2: Ball 3-2: Base on Balls
|
|
Pitching: RHP Bob Welch
|
|
|
Pinch Hitting: LHB Franklin Lopez
|
0-0: Ball 1-0: Called Strike 1-1: Swinging Strike 1-2: Fly out, F9 (Flyball, 89D, EV 97.5 MPH)
|
| Top of the 6th over - 0 runs, 0 hits, 0 errors, 1 left on base; California 8 - Kansas City 3 |
| BOTTOM OF THE 6TH |
|
Kansas City Royals batting - Pitching for California Angels : RHP LaMarr Hoyt
|
|
Now at 2B: Rafael Ramirez
|
|
|
Now in LF: John Milner
|
|
|
Now in RF: Franklin Lopez
|
|
|
Batting: LHB Rick Manning
|
0-0: Called Strike 0-1: Ball 1-1: Called Strike 1-2: Ball 2-2: Foul Ball, location: 2F 2-2: Ball 3-2: Foul Ball, location: 2F 3-2: Foul Ball, location: 2F 3-2: Fly out, F3 (Line Drive, 3, EV 70.6 MPH)
|
|
Batting: LHB Alvin Davis
|
0-0: Ball 1-0: Swinging Strike 1-1: SINGLE (Line Drive, 8LS, EV 103.1 MPH)
|
|
Batting: LHB Brad Mills
|
0-0: Ball 1-0: Fielders Choice at 2nd, 4-6 (Groundball, 34, EV 80.6 MPH)
|
|
Pinch Hitting: LHB Kerry Dineen
|
0-0: Called Strike 0-1: Ball 1-1: Ball 2-1: Ball 3-1: Foul Ball, location: 2F 3-2: SINGLE (Line Drive, 6M, EV 96.9 MPH) Brad Mills to second Brad Mills to third
|
|
Pinch Hitting: LHB Jim Eisenreich
|
0-0: Foul Ball, location: 2F 0-1: Foul Ball, location: 2F 0-2: Strikes out swinging
|
| Bottom of the 6th over - 0 runs, 2 hits, 0 errors, 2 left on base; California 8 - Kansas City 3 |
| TOP OF THE 7TH |
|
California Angels batting - Pitching for Kansas City Royals : RHP Bob Welch
|
|
Now in CF: Kerry Dineen
|
|
|
Now in RF: Jim Eisenreich
|
|
|
Batting: RHB Dave L Stapleton
|
0-0: Ball 1-0: Called Strike 1-1: Swinging Strike 1-2: Strikes out looking
|
|
Batting: RHB Jeff Atherton
|
0-0: Called Strike 0-1: Foul Ball, location: 2F 0-2: Ball 1-2: Ball 2-2: Ball 3-2: SINGLE (Line Drive, 7LS, EV 106.9 MPH)
|
|
Batting: SHB Manny Castillo
|
0-0: Fly out, F8 (Line Drive, 8LM, EV 85.0 MPH)
|
|
Batting: SHB Ignacio Medina
|
0-0: 2-RUN HOME RUN (Flyball, 9D, EV 109.4 MPH), Distance : 412 ft
|
|
Batting: RHB Mike Bishop
|
0-0: Called Strike 0-1: Called Strike 0-2: Strikes out swinging, 2-3 out at first.
|
| Top of the 7th over - 2 runs, 2 hits, 0 errors, 0 left on base; California 10 - Kansas City 3 |
| BOTTOM OF THE 7TH |
|
Kansas City Royals batting - Pitching for California Angels : RHP LaMarr Hoyt
|
|
Pinch Hitting: RHB Eddie Gates
|
0-0: Ball 1-0: Called Strike 1-1: Swinging Strike 1-2: Strikes out swinging
|
|
Pinch Hitting: RHB Al Minker
|
0-0: Called Strike 0-1: Ball 1-1: Ball 2-1: Foul Ball, location: 2F 2-2: Ground out 6-3 (Groundball, 6, EV 87.5 MPH)
|
|
Batting: RHB Lloyd McClendon
|
0-0: Foul Ball, location: 2F 0-1: Fly out, F8 (Flyball, 8LD, EV 101.9 MPH)
|
| Bottom of the 7th over - 0 runs, 0 hits, 0 errors, 0 left on base; California 10 - Kansas City 3 |
| TOP OF THE 8TH |
|
California Angels batting - Pitching for Kansas City Royals : RHP Bob Welch
|
|
Now at 1B: Al Minker
|
|
|
Now at 3B: Eddie Gates
|
|
|
Batting: RHB Rafael Ramirez
|
0-0: Ball 1-0: Reached on error, E3 (Groundball, 34, EV 110.6 MPH)
|
|
Batting: LHB John Milner
|
0-0: Ball 1-0: Swinging Strike 1-1: Grounds into double play, 6-4-3 (Groundball, 6, EV 94.4 MPH)
|
|
Batting: LHB Jason D Thompson
|
0-0: Swinging Strike 0-1: Ground out 4-3 (Groundball, 4, EV 108.1 MPH)
|
| Top of the 8th over - 0 runs, 0 hits, 1 error, 0 left on base; California 10 - Kansas City 3 |
| BOTTOM OF THE 8TH |
|
Kansas City Royals batting - Pitching for California Angels : RHP LaMarr Hoyt
|
|
Pinch Hitting: RHB Charlie O'Brien
|
0-0: Ball 1-0: Swinging Strike 1-1: Foul Ball, location: 2F 1-2: Strikes out looking
|
|
Pinch Hitting: RHB Alberto Gonzalez
|
0-0: Reached on error, E5 (Groundball, 56, EV 99.4 MPH)
|
|
Batting: RHB Adrian Monrreal
|
0-0: Ball 1-0: 2-RUN HOME RUN (Flyball, 7D, EV 97.5 MPH), Distance : 397 ft
|
|
Pinch Hitting: RHB Cesare Pierpaoli
|
0-0: Swinging Strike 0-1: Ball 1-1: Swinging Strike 1-2: Foul Ball, location: 2F 1-2: Foul Ball, location: 2F 1-2: Ball 2-2: Fly out, F7 (Flyball, 7S, EV 86.3 MPH)
|
|
Batting: LHB Kerry Dineen
|
0-0: Ball 1-0: SINGLE (Line Drive, 9LS, EV 108.8 MPH)
|
|
Batting: LHB Jim Eisenreich
|
0-0: Swinging Strike 0-1: Fielders Choice at 2nd, 6-4 (Groundball, 6, EV 83.1 MPH)
|
| Bottom of the 8th over - 2 runs, 2 hits, 1 error, 1 left on base; California 10 - Kansas City 5 |
| TOP OF THE 9TH |
|
California Angels batting - Pitching for Kansas City Royals : RHP Bob Welch
|
|
Now at 3B: Cesare Pierpaoli
|
|
|
Now at SS: Alberto Gonzalez
|
|
|
Now in LF: Charlie O'Brien
|
|
|
Batting: LHB Franklin Lopez
|
0-0: Foul Ball, location: 2F 0-1: Ball 1-1: Ball 2-1: Called Strike 2-2: Foul Ball, location: 2F 2-2: Ball 3-2: Foul Ball, location: 2F 3-2: SINGLE (Groundball, P, EV 76.3 MPH) (infield hit)
|
|
Batting: RHB Dave L Stapleton
|
0-0: Ball 1-0: Swinging Strike 1-1: Fielders Choice at 2nd, 2-4 (Groundball, 2L, EV 73.8 MPH)
|
|
Batting: RHB Jeff Atherton
|
0-0: Foul Ball, location: 2F 0-1: Ball 1-1: Ball 2-1: Reached on error, E5 (Groundball, 56, EV 86.9 MPH) Dave L Stapleton to second
|
|
Pinch Hitting: LHB Geno Petralli
|
0-0: Ball Dave L Stapleton is caught stealing 3rd base 2-5 1-0: Called Strike 1-1: Fly out, F9 (Line Drive, 9D, EV 89.4 MPH)
|
| Top of the 9th over - 0 runs, 1 hit, 1 error, 1 left on base; California 10 - Kansas City 5 |
| BOTTOM OF THE 9TH |
|
Kansas City Royals batting - Pitching for California Angels : RHP LaMarr Hoyt
|
|
Now at 3B: Jerry Willard
|
|
|
Batting: RHB Eddie Gates
|
0-0: Ball 1-0: Fly out, F8 (Flyball, 8RXD, EV 97.5 MPH)
|
|
Batting: RHB Al Minker
|
0-0: Called Strike 0-1: Foul Ball, location: 2F 0-2: Strikes out swinging
|
|
Pinch Hitting: LHB Charles Ross
|
0-0: SINGLE (Line Drive, 9S, EV 102.5 MPH)
|
|
Pitching: RHP Jerry Reed
|
|
|
Batting: RHB Charlie O'Brien
|
0-0: Called Strike 0-1: Ball 1-1: Ball 2-1: Ground out 5-3 (Groundball, 56S, EV 66.9 MPH)
|
| Bottom of the 9th over - 0 runs, 1 hit, 0 errors, 1 left on base; California 10 - Kansas City 5 |
|